 Dungeon Crawl Stone Soup version 0.29.1-15-g9cfb28693d (webtiles) character file.

Game seed: 10414595115219150084

4 Heoruswealwe the Digger (level 1, -1/10 HPs)
             Began as a Deep Elf Earth Elementalist on Mar 25, 2023.
             Slain by a goblin
             ... wielding a +0 club
              (3 damage)
             ... on level 1 of the Dungeon.
             The game lasted 00:00:41 (59 turns).

Heoruswealwe the Digger (Deep Elf Earth Elementalist) Turns: 59, Time: 00:00:42

Health: -1/10      AC:  2    Str:  5    XL:     1   Next: 50%
Magic:  1/6        EV: 12    Int: 19    God:
Gold:   0          SH:  0    Dex: 15    Spells: 5/6 levels left

rFire   . . .      SeeInvis .   (no weapon)
rCold   . . .      Faith    .   (no shield)
rNeg    . . .      Spirit   .   a - +0 robe
rPois   .          Reflect  .   (no helmet)
rElec   .          Harm     .   (no cloak)
rCorr   .          Rampage  .   (no gloves)
Will    .....                   (no boots)
Stlth   ++........              (no amulet)
HPRegen 0.03/turn               (no ring)
MPRegen 0.10/turn               (no ring)

@: no status effects
A: no striking features
a: no special abilities


You were on level 1 of the Dungeon.
You visited 1 branch of the dungeon, and saw 1 of its levels.

Inventory:

Armour
 a - a +0 robe (worn)
Potions
 b - a potion of magic


   Skills:
 - Level 2.4 Dodging
 - Level 2.4 Stealth
 * Level 3.2 Spellcasting
 + Level 1.2 Transmutations
 * Level 3.4 Earth Magic


You had 5 spell levels left.
You knew the following spells:

 Your Spells              Type           Power      Damage    Failure   Level
a - Sandblast             Erth           32%        2d9       3%          1

Your spell library contained the following spells:

 Spells                   Type           Power      Damage    Failure   Level
 Passwall                 Tmut/Erth      9%         N/A       9%          2
 Stone Arrow              Conj/Erth      18%        3d8       22%         3
 Petrify                  Tmut/Erth      11%        N/A       50%         4


Dungeon Overview and Level Annotations

Branches:
Dungeon (1/15)

Altars:


Message History

You open the door.
An endoplasm comes into view.
There is an open door here.
The blast of sand hits the endoplasm!
You kill the endoplasm!
A kobold comes into view. It is wielding a +0 club.
Found a leather armour.
The blast of sand hits the kobold but does no damage.
The kobold hits you with a +0 club.
The blast of sand hits the kobold.
The kobold is heavily wounded.
The kobold hits you but does no damage.
The blast of sand hits the kobold!
You kill the kobold!
Things that are here:
a +0 club; a kobold corpse A quokka comes into view.
Found a scroll labelled CAIHON XUAHU.
A goblin and a kobold come into view.
The kobold is wielding a +2 vampiric short sword.
You see here a +0 leather armour.
The blast of sand hits the quokka.
The quokka is severely wounded.
The goblin shouts!
The kobold shouts!
The blast of sand hits the quokka!
You kill the quokka!
The blast of sand hits the kobold.
The kobold is moderately wounded.
The blast of sand misses the kobold.
The kobold hits you but does no damage. The goblin hits you with a +0 club.
The goblin closely misses you. The kobold barely misses you.
You are too injured to fight recklessly!
You are too injured to fight recklessly!
The kobold attacks as you move away! The kobold closely misses you.
You see here a +0 leather armour.
You closely miss the goblin. The kobold closely misses you.
The goblin hits you with a +0 club.
* * * LOW HITPOINT WARNING * * *
The goblin hits you with a +0 club.
You die...

##...............
##................
#..#..............
###.##..............
#...##.....)........
##.####.......######
#..# ##......###
##.##
######.[.#######
...# #..Kg@......#
#### #...........+
#.....†.....#
...?..........#
#............###
#............#
#............#
#....#######.+


You could see a goblin and a kobold.

Vanquished Creatures
  An endoplasm (D:1)
  A kobold (D:1)
  A quokka (D:1)
3 creatures vanquished.

Notes
Turn   | Place    | Note
-------+----------+-------------------------------------------
     0 | D:1      | Heoruswealwe the Deep Elf Earth Elementalist began the
                  | quest for the Orb.
     0 | D:1      | Reached XP level 1. HP: 10/10 MP: 6/6
     2 | D:1      | Noticed a felid
     2 | D:1      | Noticed an ogre
     4 | D:1      | Noticed a vampire
     4 | D:1      | Noticed an octopode
     6 | D:1      | Noticed an elf
     6 | D:1      | Noticed a troll
     8 | D:1      | Noticed a demonspawn
    10 | D:1      | Noticed a tengu
    10 | D:1      | Noticed a ghoul
    12 | D:1      | Noticed a formicid
    12 | D:1      | Noticed a draconian
    14 | D:1      | Noticed a demigod
    16 | D:1      | Noticed a vine stalker
    16 | D:1      | Noticed a minotaur
    18 | D:1      | Noticed a merfolk
    18 | D:1      | Noticed a spriggan
    20 | D:1      | Noticed a human
    20 | D:1      | Noticed a gargoyle
    22 | D:1      | Noticed a palentonga
    22 | D:1      | Noticed a naga
    24 | D:1      | Noticed a meteoran
    24 | D:1      | Noticed an ogre
    26 | D:1      | Noticed a draconian
    26 | D:1      | Noticed a troll
    59 | D:1      | Slain by a goblin

Illustrated notes

Levels and vault maps discovered:
D:1:      kb_arrival_jail, layout_basic, chequers_serial_rivers_room_b

Action                   || total
-------------------------++-------
Melee: Unarmed           ||     1
 Cast: Sandblast         ||     8
Armor: Robe              ||     2
Dodge: Dodged            ||     4
